 Dungeon Crawl Stone Soup version 0.30-a0-912-ge10d75a369 (webtiles) character file.

Game seed: 3840611516130180252

59490 Querens the Unseen (level 14, -2/67 HPs)
             Began as a Spriggan Enchanter on Mar 19, 2023.
             Was the Champion of Dithmenos.
             Slain by a manticore (8 damage)
             ... on level 5 of the Lair of Beasts.
             The game lasted 01:26:29 (13651 turns).

Querens the Unseen (Spriggan Enchanter)            Turns: 13651, Time: 01:26:30

Health: -2/67      AC:  4    Str:  4    XL:     14   Next: 53%
Magic:  29/32      EV: 18    Int: 16    God:    Dithmenos [******]
Gold:   1122       SH:  0    Dex: 21    Spells: 28/39 levels left

rFire   + . .      SeeInvis +    k - +6 dagger "Pereq" {freeze, Will+}
rCold   + . .      Faith    .    (no shield)
rNeg    + . .      Spirit   .    X - +2 robe {rC+ rF+}
rPois   +          Reflect  .    b - +0 hat {Will+}
rElec   .          Rampage  .    B - scarf {+Inv}
rCorr   .                        (gloves unavailable)
Will    ++++.                    (boots unavailable) Stlth *****+++++
                                 p - amulet of magic regeneration
HPRegen 0.31/turn                f - ring of positive energy
MPRegen 0.63/turn                D - ring of poison resistance

@: wreathed by umbra, very quick
A: very small, no large weapons, unfitting armour, see invisible, speed 3
a: Renounce Religion, Evoke Invisibility, Shadow Step, Shadow Form


You were on level 5 of the Lair of Beasts.
You worshipped Dithmenos.
Dithmenos was exalted by your worship.
You visited 4 branches of the dungeon, and saw 19 of its levels.

You collected 1570 gold pieces.
You spent 448 gold pieces at shops.

Inventory:

Hand Weapons
 k - the +6 dagger "Pereq" (weapon) {freeze, Will+}
   (You found it on level 2 of the Dungeon)

   Will:      It increases your willpower.
Missiles
 H - 6 throwing nets (quivered)
Armour
 b - a +0 hat of willpower (worn)
 B - a scarf of invisibility (worn)
 E - +0 acid dragon scales
 O - +0 steam dragon scales
 T - a +0 buckler
 X - a +2 robe of resistance (worn)
Jewellery
 f - a ring of positive energy (left hand)
 l - a ring of wizardry
 p - an amulet of magic regeneration (around neck)
 q - a ring of positive energy
 D - a ring of poison resistance (right hand)
 N - a ring of flight
 U - a ring of ice
 Z - a ring of fire
Wands
 n - a wand of mindburst (6)
 F - a wand of digging (11)
 K - a wand of iceblast (7)
 Q - a wand of acid (1)
 W - a wand of polymorph (11)
 Y - a wand of flame (25)
Scrolls
 d - 2 scrolls of enchant armour
 e - 3 scrolls of blinking
 m - 6 scrolls of enchant weapon
 o - 2 scrolls of summoning
 s - a scroll of brand weapon
 u - a scroll of magic mapping
 v - 2 scrolls of fear
 A - 8 scrolls of teleportation
 J - 2 scrolls of poison
 M - a scroll of amnesia
Potions
 a - 4 potions of heal wounds
 c - 6 potions of invisibility
 g - 10 potions of curing
 h - 4 potions of lignification {unknown}
 i - 4 potions of brilliance
 j - 3 potions of berserk rage
 r - 6 potions of might
 t - 5 potions of degeneration {unknown}
 w - 3 potions of resistance {unknown}
 x - 2 potions of mutation {unknown}
 I - 2 potions of attraction
 L - 6 potions of magic {unknown}
 P - a potion of haste
 R - 3 potions of cancellation
Miscellaneous
 z - a box of beasts (inert)


   Skills:
 + Level 4.9 Fighting
 - Level 10.0 Short Blades
 - Level 2.6 Dodging
 + Level 19.9 Stealth
 + Level 13.4 Spellcasting
 + Level 13.4 Hexes
 - Level 1.6 Invocations
 - Level 16.0 Evocations


You had 28 spell levels left.
You knew the following spells:

 Your Spells              Type           Power      Damage    Failure   Level
a - Ensorcelled Hibernat  Hex/Ice        64%        N/A       1%          2
b - Confusing Touch       Hex            52%        N/A       1%          3
c - Tukima's Dance        Hex            52%        N/A       1%          3
d - Dazzling Flash        Conj/Hex       64%        N/A       1%          3

Your spell library contained the following spells:

 Spells                   Type           Power      Damage    Failure   Level
 Slow                     Hex            100%       N/A       1%          1
 Summon Guardian Golem    Hex/Summ       32%        N/A       1%          3
 Apportation              Tloc           20%        N/A       6%          1
 Necrotise                Necr           40%        1d6       6%          1
 Sandblast                Erth           20%        2d7       6%          1
 Summon Small Mammal      Summ           40%        N/A       6%          1
 Lesser Beckoning         Tloc           20%        N/A       10%         2
 Passwall                 Tmut/Erth      8%         N/A       10%         2
 Sublimation of Blood     Necr           10%        N/A       10%         2
 Wereblood                Tmut           10%        N/A       10%         2
 Gell's Gravitas          Tloc           10%        N/A       19%         3
 Ignite Poison            Fire/Tmut/Pois 10%        N/A       19%         3
 Kindle Blastsparks       Fire/Tloc/Air  20%        2d11      19%         3
 Stone Arrow              Conj/Erth      20%        3d8       19%         3
 Teleport Other           Tloc           10%        N/A       19%         3
 Vampiric Draining        Necr           10%        2d6       19%         3
 Fireball                 Conj/Fire      5%         3d5       87%         5
 Freezing Cloud           Conj/Ice/Air   5%         6-21      87%         5
 Iskenderun's Battlesphe  Conj           10%        2d6       87%         5
 Conjure Ball Lightning   Conj/Air       5%         3x3d6     100%        6
 Simulacrum               Ice/Necr       5%         N/A       100%        6
 Orb of Destruction       Conj           5%         9d5       100%        7
 Spellforged Servitor     Conj/Summ      5%         N/A       100%        7
 Summon Hydra             Summ           5%         N/A       100%        7
 Polar Vortex             Ice            5%         N/A       100%        9


Dungeon Overview and Level Annotations

Branches:
Dungeon (11/15)            Temple (1/1) D:5            Lair (5/5) D:11
 Shoals (0/4) Lair:2       Spider (0/4) Lair:3        Slime (0/5) Lair:5
    Orc (2/2) D:9             Elf (0/3) Orc:2

Altars:
Ashenzari
Cheibriados
Dithmenos
Elyvilon
Fedhas
Gozag
Hepliaklqana
Kikubaaqudgha
Makhleb
Nemelex Xobeh
Okawaru
Qazlal
Ru
Sif Muna
Trog
Uskayaw
Vehumet
Wu Jian
Xom
Yredelemnul
Zin
The Shining One
Jiyva

Shops:
D:1 =   D:9 (   Orc:1 !   Orc:2 ([((


Innate Abilities, Weirdness & Mutations

You are very small and have problems with some larger weapons.
You are too small for most types of armour.
You have supernaturally acute eyesight. (SInv)
You cover ground extremely quickly. (Speed+++)


Message History

You hit the death yak but do no damage.
Your shadow hits the death yak with a dagger.
The death yak gores you.
You catch the helpless death yak completely off-guard!
You hit the death yak but do no damage.
The death yak is lightly wounded.
You catch the helpless death yak completely off-guard!
You hit the death yak but do no damage.
The death yak is lightly wounded.
The death yak gores you!
* * * LOW HITPOINT WARNING * * *
The death yak is no longer blind.
You open the lid... ...and an elder oxfire beast leaps out!
The box is emptied!
Your elder oxfire beast breathes flames at the death yak.
The blast of flame hits the death yak!!!!
The death yak dies!
Dithmenos accepts your kill.
You see here a +0 ring mail.
Your hands stop glowing.
You see here a catoblepas corpse.
You see here a yak corpse.
You see here a yak corpse.
A manticore comes into view.
Casting: Confusing Touch (safe; 1% risk of failure)
Confirm with . or Enter, or press ? or * to list all spells.
Aiming: Ensorcelled Hibernation (safe; 1% risk of failure)
Press: ? - help, Shift-Dir - straight line, f - manticore
Aim: a manticore (wandering, hasn't noticed you, umbra, chance to affect: 44%)
The manticore resists with some effort.
The manticore bites you!!
* * * LOW HITPOINT WARNING * * *
The manticore completely misses you. The manticore misses you.
Unknown command.
Casting: Ensorcelled Hibernation (safe; 1% risk of failure)
Confirm with . or Enter, or press ? or * to list all spells.
Aiming: Ensorcelled Hibernation (safe; 1% risk of failure)
Press: ? - help, Shift-Dir - straight line, f/p - manticore
Aim: a manticore (umbra, chance to affect: 44%)
The manticore resists with some effort.
The manticore misses you. The manticore completely misses you.
The manticore claws you!
You die...

#........8....##
#.....
#....8.......P#
###...
###.....†8...## #P^.
###......### ##...
.. ##......## #.#..
.8. #..###...##
##... 8...
#######...## ####
Y.8.# ###.###†..# #
..Y. ##.@...##..# #
#..# ###.H.#......##
#..###....P##......#
#.†......####....##
##...###.# ###.##
#P..## #..# ###
##... ##..# #..##
#... ..## ....


You could see a manticore.

Vanquished Creatures
  3 orc warlords
  The ghost of Koor the Brawler, a journeyman TrMo (Lair:1)
  Azrael (Orc:2)
  Snorg (D:10)
  Harold (D:9)
  3 hydras
  3 catoblepae
  6 death yaks
  Urug (Orc:1)
  2 two-headed ogres
  2 orc high priests (Orc:2)
  2 skysharks
  2 skeletal warriors (D:11)
  Amaemon (D:11)
  Pikel (D:8)
  2 cyclopes
  A salamander (Orc:1)
  A merfolk siren (Lair:2)
  8 elephants
  3 black mambas
  An orange demon (D:11)
  2 torpor snails
  An unseen horror (D:7)
  Psyche (D:8)
  3 komodo dragons
  A dancing weapon (D:5)
  3 rime drakes
  7 cane toads
  A meliai (Lair:3)
  2 hornets
  4 trolls
  A merfolk (Lair:2)
  4 polar bears
  3 blink frogs (Lair:2)
  4 dream sheep (Lair:5)
  Sigmund (D:5)
  A wraith (D:11)
  47 yaks
  A vampire (D:10)
  A fire elemental (Orc:2)
  6 wyverns
  3 steam dragons
  5 basilisks
  Menkaure (D:5)
  A warg (Orc:2)
  5 acid dragons
  3 hell hounds (Orc:2)
  18 water moccasins
  Duvessa (D:5)
  4 ice beasts
  21 orc warriors
  6 black bears
  12 ogres
  14 wolves
  4 centaurs
  2 lemures (D:8)
  Blork the orc (D:4)
  16 bullfrogs
  2 kobold brigands
  A gnoll sergeant (D:5)
  6 scorpions
  5 wights
  Dowan (D:5)
  23 killer bees
  4 electric eels (D:9)
  4 howler monkeys
  Crazy Yiuf (D:2)
  18 orc priests
  A jelly (D:7)
  3 hounds
  3 gnoll boudas
  3 sleepcaps
  4 iguanas
  Natasha (thrice) (D:2)
  29 orc wizards
  A mummy (D:8)
  Robin (D:3)
  16 gnolls
  9 adders
  A shadow imp (D:5)
  5 white imps
  An ufetubus (D:6)
  2 worms
  3 dart slugs
  92 orcs
  7 endoplasms
  3 giant cockroaches
  20 goblins
  10 hobgoblins
  16 kobolds
  2 quokkas
  6 ball pythons
  2 bats
  4 frilled lizards
  3 hobgoblin zombies (D:8)
  An orc zombie (D:8)
  10 rats
583 creatures vanquished.

Vanquished Creatures (collateral kills)
  Gastronok (D:8)
  Fannar (D:11)
  A death yak (Lair:5)
  3 skeletal warriors (D:11)
  3 orc warriors (Orc:2)
  An ogre (Orc:2)
  4 wights
  A gnoll (D:8)
  3 orcs (Orc:2)
18 creatures vanquished.

Vanquished Creatures (others)
  14 dancing weapons
  An orc warrior (Orc:2)
  A bush (Lair:2)
  28 fungi
  58 plants
102 creatures vanquished.

Grand Total: 703 creatures vanquished

Notes
Turn   | Place    | Note
-------+----------+-------------------------------------------
     0 | D:1      | Querens the Spriggan Enchanter began the quest for the Orb.
     0 | D:1      | Reached XP level 1. HP: 9/9 MP: 5/5
   192 | D:1      | Reached XP level 2. HP: 11/13 MP: 6/6
   344 | D:1      | Reached skill level 5 in Stealth
   370 | D:1      | Found Selamp's Jewellery Emporium.
   441 | D:1      | Learned a level 2 spell: Ensorcelled Hibernation
   709 | D:2      | Reached XP level 3. HP: 16/16 MP: 8/8
   722 | D:2      | Noticed Natasha
   738 | D:2      | Killed Natasha
   803 | D:2      | Reached XP level 4. HP: 16/21 MP: 10/10
   877 | D:2      | Reached skill level 6 in Stealth
   900 | D:2      | Identified the +6 dagger "Pereq" {freeze, Will+}
   933 | D:2      | Found a faded altar of an unknown god.
   960 | D:2      | Found a runed translucent door.
   961 | D:2      | Noticed Crazy Yiuf
   967 | D:2      | Killed Crazy Yiuf
  1117 | D:2      | Noticed Natasha
  1127 | D:2      | Killed Natasha
  1148 | D:2      | Noticed Natasha
  1187 | D:2      | Killed Natasha
  1188 | D:2      | Reached XP level 5. HP: 18/24 MP: 2/11
  1533 | D:3      | Noticed Robin
  1538 | D:3      | Reached skill level 7 in Stealth
  1546 | D:3      | Killed Robin
  1818 | D:3      | Learned a level 3 spell: Confusing Touch
  1822 | D:3      | Learned a level 3 spell: Tukima's Dance
  1909 | D:3      | You fall into a shaft and drop 2 floors!
  1909 | D:5      | Entered Level 5 of the Dungeon
  1968 | D:5      | Reached skill level 5 in Hexes
  1968 | D:5      | Reached XP level 6. HP: 25/28 MP: 2/13
  1985 | D:5      | Noticed Dowan
  2037 | D:4      | Reached skill level 8 in Stealth
  2077 | D:4      | Noticed Blork the orc
  2206 | D:4      | Reached XP level 7. HP: 32/32 MP: 12/15
  2237 | D:4      | Killed Blork the orc
  2279 | D:4      | Reached skill level 9 in Stealth
  2281 | D:4      | Reached skill level 5 in Spellcasting
  2603 | D:5      | Noticed Menkaure
  2607 | D:5      | Killed Menkaure
  2658 | D:5      | Noticed Sigmund
  2664 | D:5      | Killed Sigmund
  2665 | D:5      | Reached skill level 10 in Stealth
  2665 | D:5      | Reached XP level 8. HP: 36/36 MP: 17/17
  2829 | D:5      | Found a staircase to the Ecumenical Temple.
  2954 | Temple   | Entered the Ecumenical Temple
  2990 | Temple   | Became a worshipper of Dithmenos the Shadowed
  3133 | D:5      | Noticed Duvessa
  3380 | D:5      | Reached skill level 5 in Short Blades
  3380 | D:5      | Reached skill level 11 in Stealth
  3479 | D:5      | Killed Duvessa
  3480 | D:5      | Killed Dowan
  3567 | D:6      | Reached skill level 1 in Evocations
  3605 | D:6      | Reached skill level 12 in Stealth
  3605 | D:6      | Reached XP level 9. HP: 31/39 MP: 6/20
  3747 | D:6      | Reached * piety under Dithmenos
  4272 | D:7      | Reached ** piety under Dithmenos
  4355 | D:7      | Reached skill level 13 in Stealth
  4505 | D:7      | Reached skill level 5 in Evocations
  4680 | D:7      | Reached XP level 10. HP: 44/44 MP: 23/23
  4709 | D:7      | Noticed a cyclops
  4733 | D:7      | Killed a cyclops
  4831 | D:8      | Noticed Psyche
  4835 | D:8      | Killed Psyche
  4887 | D:8      | Noticed Pikel
  4901 | D:8      | Killed Pikel
  4987 | D:8      | Reached *** piety under Dithmenos
  5052 | D:8      | Noticed Gastronok
  5122 | D:8      | Killed Gastronok
  5123 | D:8      | Reached skill level 14 in Stealth
  5259 | D:8      | Found a glowing silver altar of Zin.
  5272 | D:8      | Reached XP level 11. HP: 47/47 MP: 23/25
  5366 | D:8      | Reached skill level 10 in Hexes
  5488 | D:8      | Reached skill level 10 in Evocations
  5496 | D:8      | Reached **** piety under Dithmenos
  5774 | D:9      | Found a staircase to the Orcish Mines.
  5893 | D:9      | Reached skill level 15 in Stealth
  5893 | D:9      | Reached skill level 10 in Spellcasting
  6014 | D:9      | Noticed Harold
  6069 | D:9      | Killed Harold
  6087 | D:9      | Noticed a catoblepas
  6114 | D:9      | Killed a catoblepas
  6390 | D:9      | Found a white marble altar of Elyvilon.
  6411 | D:9      | Found Usien's Antique Weapon Emporium.
  6438 | D:10     | Entered Level 10 of the Dungeon
  6563 | D:10     | Reached ***** piety under Dithmenos
  6783 | D:10     | Found a basalt altar of Yredelemnul.
  6914 | D:10     | Noticed a two-headed ogre
  6923 | D:10     | Killed a two-headed ogre
  6924 | D:10     | Noticed Snorg
  6969 | D:10     | Killed Snorg
  6970 | D:10     | Reached XP level 12. HP: 51/51 MP: 25/27
  7121 | D:11     | Noticed Fannar
  7235 | D:11     | Noticed Amaemon
  7307 | D:11     | Killed Amaemon
  7345 | D:11     | Noticed a two-headed ogre
  7353 | D:11     | Killed a two-headed ogre
  7625 | D:11     | Found a staircase to the Lair.
  7651 | D:11     | Reached skill level 16 in Stealth
  7802 | D:11     | Killed Fannar
  7803 | D:11     | Reached skill level 10 in Short Blades
  7821 | D:11     | Found a sparkling altar of Nemelex Xobeh.
  7978 | Orc:1    | Entered Level 1 of the Orcish Mines
  8022 | Orc:1    | Noticed Urug
  8029 | Orc:1    | Killed Urug
  8100 | Orc:1    | Noticed an orc warlord
  8231 | D:9      | Learned a level 3 spell: Dazzling Flash
  8267 | D:9      | Killed an orc warlord
  8477 | Orc:2    | Entered Level 2 of the Orcish Mines
  8477 | Orc:2    | Found a staircase to the Elven Halls.
  8559 | Orc:2    | Noticed an orc warlord
  8599 | Orc:2    | Noticed Azrael
  8789 | Orc:2    | Found Joehagh's Weapon Shop.
  8884 | Orc:2    | Reached XP level 13. HP: 42/50 MP: 27/29
  8942 | Orc:1    | Reached ****** piety under Dithmenos
  8985 | Orc:1    | Found Hoimefep's Distillery.
  9003 | Orc:1    | Bought a potion of heal wounds for 80 gold pieces
  9003 | Orc:1    | Bought a potion of curing for 48 gold pieces
  9003 | Orc:1    | Bought a potion of brilliance for 64 gold pieces
  9003 | Orc:1    | Bought a potion of attraction for 48 gold pieces
  9003 | Orc:1    | Bought a potion of berserk rage for 80 gold pieces
  9003 | Orc:1    | Bought a potion of cancellation for 128 gold pieces
  9120 | Orc:2    | Found Xusuga's Antique Weapon Shoppe.
  9773 | Orc:2    | Killed Azrael
  9774 | Orc:2    | Reached skill level 17 in Stealth
  9828 | Orc:2    | Killed an orc warlord
  9950 | Orc:2    | Reached skill level 15 in Evocations
  9959 | Orc:2    | Noticed an orc warlord
 10076 | Orc:2    | HP: 2/47 [orc high priest/+0 battleaxe (21)]
 10215 | Orc:2    | Found Von Bapa's Antique Weapon Boutique.
 10217 | Orc:2    | Found Tyggioxomo's Antique Armour Shop.
 10354 | Orc:2    | Killed an orc warlord
 10490 | Lair:1   | Entered Level 1 of the Lair of Beasts
 10647 | Lair:1   | Found a runed translucent door.
 10814 | Lair:1   | Noticed Koor's ghost (journeyman TrMo)
 10822 | Lair:1   | Killed Koor's ghost
 10992 | Lair:2   | Reached skill level 18 in Stealth
 10998 | Lair:2   | Found a staircase to the Shoals.
 11082 | Lair:2   | Reached skill level 1 in Invocations
 11209 | Lair:2   | Reached skill level 1 in Fighting
 11984 | Lair:3   | Found a hole to the Spider Nest.
 12185 | Lair:3   | Reached skill level 19 in Stealth
 12205 | Lair:3   | Reached XP level 14. HP: 22/65 MP: 27/31
 12338 | Lair:3   | Identified the +3 ring mail of the Other Side {+Blink
                  | Int+8}
 12518 | Lair:4   | Found an iron altar of Okawaru.
 12823 | Lair:5   | Entered Level 5 of the Lair of Beasts
 13084 | Lair:5   | Found a staircase to the Slime Pits.
 13084 | Lair:5   | Found a viscous altar of Jiyva.
 13651 | Lair:5   | Slain by a manticore

Illustrated notes

Levels and vault maps discovered:
D:1:      grunt_arrival_lava_bath, layout_basic, serial_shops, shop,
          minmay_misc_feat_nine_boxes
D:2:      cheibrodos_old_hovel, layout_basic, hellmonk_ecumenical_altar_blasted,
          grunt_ministairs_2, st_stairs_1, uniq_crazy_yiuf_cottage, uniq_natasha
D:3:      layout_loops_ring, uniq_robin
D:4:      layout_cave_pools, uniq_blork_the_orc
D:5:      corexii_shack_village, layout_basic, minmay_temple_entry_mist,
          serial_bayou, serial_bayou_shore_b, serial_bayou_crossing,
          serial_bayou_lagoon_a, serial_bayou_shore_a, serial_bayou_lagoon_b,
          minmay_tree_intersection, uniq_duvessa, uniq_sigmund, uniq_menkaure
D:6:      layout_rooms
D:7:      nzn_winding_woodlands_medium [nzn_winding_woodlands_5x5_cross,
          nzn_winding_woodlands_5x15_default,
          nzn_winding_woodlands_5x5_checkerboard,
          nzn_winding_woodlands_hourglass, nzn_winding_woodlands_center_garden,
          nzn_winding_woodlands_5x5_open_star,
          nzn_winding_woodlands_5x5_perimeter,
          nzn_winding_woodlands_5x15_river_crossing,
          nzn_winding_woodlands_5x5_three], layout_gridville
D:8:      layout_cave_pods, mainiacjoe_overflow_six_doors_small,
          chequers_serial_rivers_large_a, minmay_mini_ossuary, uniq_pikel,
          uniq_psyche, uniq_gastronok
D:9:      layout_layer_cave, mainiacjoe_overflow_catwalk, orc_0_dummy,
          serial_shops, kennysheep_little_box, chequers_big_river, uniq_harold
D:10:     kennysheep_steamy, layout_loops_cross, mainiacjoe_overflow_alcove_2,
          uniq_snorg
D:11:     layout_loops_ring, grunt_lair_entry_orc_guard_hut,
          nemelex_spade_bored_becter, uniq_amaemon, uniq_fannar
Temple:   hellmonk_temple_of_storms
Lair:1:   layout_regular_city, ebering_ghost_reflecting_pool, grunt_megastairs_1
Lair:2:   layout_loops_ring, elwin_shoals_entry_rooms,
          infiniplex_staircase_pool, serial_bayou_shore_b
Lair:3:   layout_chaotic_city, hellmonk_spider_entry_not_the_bees,
          serial_forest, infiniplex_forest_clump_diagonal,
          infiniplex_forest_end_2, infiniplex_forest_lined_3,
          infiniplex_forest_clump_double, infiniplex_forest_zigzag_2,
          infiniplex_forest_join, infiniplex_forest_diagonal,
          infiniplex_forest_diagonal
Lair:4:   layout_cave_shapes, basic_altar, cheibrodos_lair_reptile_den
Lair:5:   evilmike_catoblepas_cave, layout_misc_corridors, slime_entry_1,
          infiniplex_staircase_pool_2
Orc:1:    layout_diamond_mine, serial_shops,
          nicolae_shop_temple_entry_statues_fountains, minmay_orc_barracks,
          uniq_urug
Orc:2:    grunt_orc_community_town_hall, layout_caves,
          grunt_orc_community_big_house_1, grunt_orc_community_big_house_2,
          grunt_orc_community_house_2, grunt_orc_community_house_2,
          grunt_orc_community_house_1, grunt_orc_community_house_1,
          mines1_david, uniq_azrael

Skill      XL: |  1  2  3  4  5  6  7  8  9 10 11 12 13 14 |
---------------+-------------------------------------------+-----
Stealth        | 5 6 7 8 10 12 13 14 15 16 19 | 19.9
Spellcasting   | 3 4 5 6 8 9 10 11 12 13 | 13.4
Hexes          | 4 5 6 7 8 9 10 12 13 | 13.4
Short Blades   | 2 3 4 5 6 8 9 10 | 10.0
Evocations     | 1 5 8 11 14 16 | 16.0
Invocations    | 1 |  1.6
Fighting       | 3 4 |  4.9
Dodging        | |  2.6

Action                     |  1- 3 |  4- 6 |  7- 9 | 10-12 | 13-15 || total
---------------------------+-------+-------+-------+-------+-------++-------
  Melee: Dagger            |   104 |   105 |   190 |   387 |   431 ||  1217
         Punch             |     1 |     1 |       |     3 |     9 ||    14
   Cast: Ensorcelled Hiber |     2 |    32 |    65 |   138 |   105 ||   342
         Tukima's Dance    |       |       |    20 |    29 |    17 ||    66
         Confusing Touch   |       |       |    13 |    12 |    28 ||    53
         Dazzling Flash    |       |       |       |     3 |    52 ||    55
 Invoke: Shadow Step       |       |       |       |     1 |       ||     1
Ability: Evoke Invisibilit |       |       |       |     2 |     4 ||     6
  Evoke: Wand              |       |       |       |    11 |     4 ||    15
         Box of beasts     |       |       |       |     1 |     2 ||     3
    Use: Potion            |       |     1 |       |     6 |     3 ||    10
         Scroll            |       |       |       |     9 |     8 ||    17
   Stab: Sleeping          |    15 |    27 |    64 |   133 |   135 ||   374
         Distracted        |       |     1 |       |     1 |     4 ||     6
         Confused          |       |       |    10 |     8 |    11 ||    29
         Invisible         |       |       |       |     5 |    51 ||    56
 Armour: Robe              |     8 |     3 |     9 |     1 |    17 ||    38
         Steam dragon scal |       |       |       |    26 |     1 ||    27
  Dodge: Dodged            |    61 |    50 |    90 |   214 |   214 ||   629

Table legend: (Time is in decaauts)
 A = Elapsed time spent in this place.
 B = Non-inter-level travel time spent in this place.
 C = Inter-level travel time spent in this place.
 D = Time resting spent in this place.
 E = Time spent auto-exploring this place.
 F = Levels seen in this place.
 G = Mean time per level.
                   A        B        C        D        E       F      G
               +--------+--------+--------+--------+--------+-----+--------+
         Total |   8902 |   8379 |    523 |    222 |      0 |  19 |  468.5 |
       Dungeon |   5282 |   4932 |    350 |     16 |      0 |  11 |  480.2 |
        Temple |     27 |     24 |      3 |      0 |      0 |   1 |   27.0 |
          Lair |   2032 |   1962 |     70 |     44 |      0 |   5 |  406.4 |
  Orcish Mines |   1560 |   1463 |     97 |    162 |      0 |   2 |  780.0 |
               +--------+--------+--------+--------+--------+-----+--------+

Top non-repeatable levels by time:
   Orc:2: 1010 daAuts
     D:5: 637 daAuts
     D:8: 596 daAuts
    D:11: 550 daAuts
   Orc:1: 550 daAuts
  Lair:2: 545 daAuts
  Lair:5: 543 daAuts
     D:9: 536 daAuts
     D:7: 508 daAuts
     D:2: 508 daAuts
     D:1: 447 daAuts
  Lair:3: 444 daAuts
    D:10: 441 daAuts
     D:3: 373 daAuts
     D:6: 372 daAuts
